 Dungeon Crawl Stone Soup version 0.23-a0-607-g760965b (webtiles) character file.

109 galech the Skirmisher (level 4, 0/36 HPs)
             Began as a Demonspawn Fighter on Dec 20, 2018.
             Slain by a goblin (4 damage)
             ... led by Robin
             ... on level 2 of the Dungeon.
             The game lasted 00:01:31 (1197 turns).

galech the Skirmisher (Demonspawn Fighter)          Turns: 1197, Time: 00:01:32

Health: 0/36       AC:  6    Str: 22    XL:     4   Next: 59%
Magic:  4/4        EV:  8    Int:  9    God:
Gold:   36         SH:  9    Dex: 13    Spells: 3/3 levels left

rFire    . . .     SeeInvis .   a - +0 war axe
rCold    . . .     Gourm    .   c - +0 shield
rNeg     . . .     Faith    .   e - +3 leather armour
rPois    .         Spirit   .   (no helmet)
rElec    .         Reflect  .   (no cloak)
rCorr    .         Harm     .   (no gloves)
MR       .....                  (no boots)
Stlth    +.........             (no amulet)
HPRegen  0.12/turn              (no ring)
MPRegen  0.09/turn              (no ring)

@: mighty
A: hooves 2
a: no special abilities


You were on level 2 of the Dungeon.
You were not hungry.

You visited 1 branch of the dungeon, and saw 2 of its levels.

You collected 36 gold pieces.

Inventory:

Hand Weapons
 a - a +0 war axe (weapon)
Armour
 b - a +0 scale mail
 c - a +0 shield (worn)
 e - a +3 leather armour (worn)
Scrolls
 g - a scroll of identify {unknown}
 i - a scroll of teleportation {unknown}
 j - a scroll of remove curse {unknown}
 k - a scroll of amnesia {unknown}
Potions
 h - a potion of ambrosia {unknown}
Comestibles
 f - 2 rations
 l - 17 chunks of flesh


   Skills:
 + Level 3.6 Fighting
 + Level 3.2 Axes
 + Level 3.0 Armour
 + Level 3.2 Shields


You had 3 spell levels left.
You didn't know any spells.
Your spell library was empty.

Dungeon Overview and Level Annotations

Branches:
Dungeon (2/15)

Altars:

Annotations:
D:2 Robin


Innate Abilities, Weirdness & Mutations

You have hoof-like feet.


Message History

Robin flexes a bicep menacingly.
You hit the gnoll. Your kick misses the gnoll.
The gnoll is lightly wounded.
The goblin no longer looks unusually strong.
The gnoll hits you with a +0 club.
Robin roars a battlecry!
The goblin goes into a battle-frenzy!
The gnoll hits you with a +0 club.
* * * LOW HITPOINT WARNING * * *
You feel very mighty all of a sudden. You block the gnoll's attack.
You slash the gnoll! Your kick misses the gnoll.
The gnoll is almost dead.
You block the gnoll's attack.
You barely miss the gnoll. You kick the gnoll.
You kill the gnoll!
You closely miss the goblin. Your kick misses the goblin. The goblin hits you.
* * * LOW HITPOINT WARNING * * *
The goblin hits you.
You die...

................
.....#.........
.....#......... ....
#......... ... #gg.......
... #g######## #g# #########
#g# #.......# #@# #.......#
#.####.......#
#.#..........#
#.#..........#
##########'#..........#####
#.......).........###......
#................##........
#...............##..#......
#..............##.......#.รท


You could see Robin, 2 gnolls, a hobgoblin and a goblin.

Vanquished Creatures
  2 gnolls (D:2)
  3 adders (D:2)
  An ooze (D:1)
  3 dart slugs (D:1)
  2 leopard geckos
  A ball python (D:1)
  4 giant cockroaches
  12 goblins
  6 hobgoblins
  A kobold (D:1)
  5 bats
  8 rats
48 creatures vanquished.

Notes
Turn   | Place    | Note
-------+----------+-------------------------------------------
     0 | D:1      | galech the Demonspawn Fighter began the quest for the Orb.
     0 | D:1      | Reached XP level 1. HP: 18/18 MP: 1/1
    49 | D:1      | Gained mutation: You have large cloven feet. [demonic
                  | ancestry]
    49 | D:1      | Reached XP level 2. HP: 21/24 MP: 2/2
   318 | D:1      | Gained mutation: You have hoof-like feet. [demonic
                  | ancestry]
   318 | D:1      | Reached XP level 3. HP: 29/29 MP: 3/3
   894 | D:2      | Reached XP level 4. HP: 23/35 MP: 4/4
  1131 | D:2      | Noticed Robin
  1197 | D:2      | Slain by a goblin

Vault maps used:
D:1:      saegor_arrival_miasma, minmay_misc_feat_alley
D:2:      hangedman_decor_opposing, uniq_robin

Skill      XL: |  1  2  3  4 |
---------------+-------------+-----
Axes           | 2 3 |  3.2
Armour         | 3 |  3.0
Shields        | 3 |  3.2
Fighting       | |  3.6

Action                   |  1- 3 |  4- 6 || total
-------------------------+-------+-------++-------
Melee: War axe           |    76 |    37 ||   113
       Kick              |    16 |     8 ||    24
  Use: Potion            |       |     1 ||     1
  Eat: Chunk             |       |     1 ||     1
Armor: Scale mail        |    15 |       ||    15
       Leather armour    |    23 |     6 ||    29
Dodge: Dodged            |    31 |    12 ||    43
Block: Shield            |    37 |    15 ||    52

Table legend:
 A = Non-vault XP
 B = Vault XP
 C = Vault XP percentage of total XP
 D = Non-vault monster count
 E = Vault monster count
 F = Vault count percentage of total count
                 A         B        C        D         E       F
            +---------+---------+-------+---------+---------+-------
      Total |     138 |      18 |  11.5 |      39 |       9 |  18.8
            +---------+---------+-------+---------+---------+-------
        D:1 |      53 |       0 |   0.0 |      25 |       0 |   0.0
        D:2 |      85 |      18 |  17.5 |      14 |       9 |  39.1
            +---------+---------+-------+---------+---------+-------
